 Dungeon Crawl Stone Soup version 0.21.1-1-g345015f (webtiles) character file.

109 YannSP the Grave Robber (level 4, -1/31 HPs)
             Began as a Mummy Necromancer on June 13, 2018.
             Slain by a goblin
             ... wielding a +5 dagger
             ... led by Robin
              (4 damage)
             ... on level 4 of the Dungeon.
             The game lasted 00:11:44 (2409 turns).

YannSP the Grave Robber (Mummy Necromancer)         Turns: 2409, Time: 00:11:44

Health: -1/31      AC:  2    Str: 11    XL:     4   Next: 60%
Magic:  1/10       EV: 12    Int: 15    God:
Gold:   169        SH:  0    Dex: 12    Spells: 10/11 levels left

rFire    x . .     SeeInvis .   e - +4 hand axe
rCold    + . .     Gourm    .   (no shield)
rNeg     + + +     Faith    .   a - +0 robe
rPois    ∞         Spirit   .   (no helmet)
rElec    .         Reflect  .   (no cloak)
rCorr    .         Harm     .   (no gloves)
MR       .....                  (no boots)
Stlth    ++........             (no amulet)
HPRegen  0.10/turn              (no ring)
MPRegen  0.12/turn              (no ring)

@: no status effects
A: no food or potions, fire vulnerability, cold resistance 1, negative energy
resistance 3, torment resistance, unbreathing
a: no special abilities


You were on level 4 of the Dungeon.
You were not hungry.

You visited 1 branch of the dungeon, and saw 3 of its levels.

You collected 169 gold pieces.

Inventory:

Hand Weapons
 c - a +0 short sword
 e - a +4 hand axe (weapon)
 m - a +2 vampiric spear
Armour
 a - a +0 robe (worn)
Jewellery
 g - an uncursed ring of stealth {unknown}
Scrolls
 f - a scroll of noise {unknown}
 h - 2 scrolls of amnesia {unknown}
 i - 3 scrolls of remove curse {unknown}
 j - a scroll of teleportation {unknown}
 l - a scroll of fear {unknown}
Potions
 k - a potion of might
 n - a potion of invisibility {unknown}
Books
 b - a book of Necromancy

   Spells                             Type                      Level
   a - Pain                           Necromancy                   1
   b - Animate Skeleton               Necromancy                   1
   c - Vampiric Draining              Necromancy                   3
   d - Regeneration                   Charms/Necromancy            3
   e - Animate Dead                   Necromancy                   4
   f - Borgnjor's Vile Clutch         Necromancy/Earth             5


   Skills:
 + Level 0.7 Fighting
 * Level 1.2 Axes
 + Level 1.6 Dodging
 - Level 1.7 Stealth
 + Level 4.1 Spellcasting
 + Level 4.8 Necromancy


You had 10 spell levels left.
You knew the following spells:

 Your Spells              Type           Power        Failure   Level  Hunger
a - Pain                  Necr           ###.         2%          1    N/A

Dungeon Overview and Level Annotations

Branches:
Dungeon (2/15)

Altars:
Okawaru
Ru

Annotations:
D:4 Robin


Innate Abilities, Weirdness & Mutations

You do not eat or drink.
Your flesh is vulnerable to fire.
You are immune to poison.
Your flesh is cold resistant. (rC+)
You are immune to negative energy. (rN+++)
You are immune to unholy pain and torment.
You can survive without breathing.


Message History

The goblin hits you with an enchanted dagger.
The goblin shoots a stone.
The stone barely misses you.
The stone closely misses Robin.
The goblin unwields an uncursed hunting sling.
The goblin wields an uncursed club.
The goblin hits you with an uncursed club.
You barely miss the goblin. You hit the goblin.
You kill the goblin!
Robin throws the goblin at you!
The goblin hits you with an uncursed club!
* * * LOW HITPOINT WARNING * * *
The goblin hits you with an enchanted dagger.
* * * LOW HITPOINT WARNING * * *
As you read the scroll labeled PYIREOJIRGH, it crumbles to dust.
It is a scroll of identify.
k - a potion of might Robin says, "Bow before me, strongest of all the hobgoblins!"
The goblin completely misses you. The goblin barely misses you.
The goblin hits you with an enchanted dagger.
You die...

##### ####...##
##.(.....##
##...#.....##
##.(.###)....#
#g.gg........#
#.@#.).).#...#
#g##.._..##..#
#..#.).).#...#
#).............
##...###...#####
.......#....#
...###?.....#...
... .........#.#
## .....####...#


You could see Robin and 3 goblins.

Vanquished Creatures
  4 adders
  An ooze (D:1)
  A worm (D:2)
  2 dart slugs (D:1)
  A leopard gecko (D:1)
  4 giant cockroaches
  12 goblins
  7 hobgoblins
  4 jackals (D:2)
  6 kobolds
  A ball python (D:2)
  8 bats
  2 frilled lizards (D:2)
  4 rats (D:1)
  A fungus (D:2)
58 creatures vanquished.

Notes
Turn   | Place    | Note
-------+----------+-------------------------------------------
     0 | D:1      | YannSP the Mummy Necromancer began the quest for the Orb.
     0 | D:1      | Reached XP level 1. HP: 13/13 MP: 4/4
   439 | D:1      | Reached XP level 2. HP: 11/19 MP: 0/5
  1068 | D:1      | Reached XP level 3. HP: 25/25 MP: 4/7
  1950 | D:2      | Reached XP level 4. HP: 31/31 MP: 7/9
  1967 | D:2      | Found a sacrificial altar of Ru.
  2047 | D:2      | Reached skill level 1 in Axes
  2368 | D:2      | You fall through a shaft for 2 floors!
  2369 | D:4      | Found an iron altar of Okawaru.
  2387 | D:4      | Noticed Robin
  2409 | D:4      | Slain by a goblin

Skill      XL: |  1  2  3  4 |
---------------+-------------+-----
Spellcasting   | 3 4 |  4.1
Axes           | 1 |  1.2
Fighting       | |  0.7
Dodging        | |  1.6
Stealth        | |  1.7
Necromancy     | |  4.8

Action                   |  1- 3 |  4- 6 || total
-------------------------+-------+-------++-------
Melee: Short sword       |    17 |       ||    17
       Hand axe          |    22 |    37 ||    59
 Cast: Pain              |    70 |    33 ||   103
  Use: Scroll            |       |     1 ||     1
Armor: Robe              |    17 |     1 ||    18
Dodge: Dodged            |    37 |    15 ||    52
